Map: Eternal Empire LE

Players

meeK - Winner!

  • Race: Protoss Protoss
  • League: Diamond
  • Spawn Location: 1:00

Darkfaire

  • Race: Zerg Zerg
  • League: Diamond
  • Spawn Location: 7:00

VOD

Have the link to the VOD?

Description

cl0udM meeK vs cl0udM DarkFaire

Time

  • Played on: April 27, 2020, 10:55 p.m.
  • Length: 7:51
Show
View Real Time Build Order
Export as new Build Order

meeK Protoss - Winner!

Build Orders:  

Get SALT Encoding   

  12  0:01  Probe  
  13  0:13  Probe  
  14  0:21  Pylon  
  14  0:25  Probe (Chrono Boost)  
  15  0:40  Gateway  
  15  0:41  Probe (Chrono Boost)  
  16  0:46  Probe (Chrono Boost)  
  16  0:49  Assimilator  
  17  0:56  Probe  
  18  1:01  Pylon  
  18  1:10  Probe  
  19  1:15  Forge  
  19  1:28  Cybernetics Core  
  19  1:31  Zealot (Chrono Boost)  
  19  1:39  Probe  
  22  1:48  Photon Cannon  
  22  2:04  Adept (Chrono Boost)  
  24  2:15  Pylon  
  24  2:23  Nexus  
  24  2:27  Probe  
  25  2:30  Assimilator  
  25  2:40  Warp Gate  
  25  2:47  Pylon  
  25  2:58  Probe  
  24  3:19  Adept  
  26  3:20  Probe  
  25  3:27  Pylon  
  25  3:30  Pylon, Shield Battery  
  25  3:33  Shield Battery  
  25  3:36  Pylon  
  25  3:49  Adept  
  25  3:52  Pylon  
  27  4:01  Twilight Council  
  27  4:04  Robotics Facility  
  27  4:08  Probe  
  28  4:18  Gateway  
  28  4:28  Gateway  
  28  4:29  Charge (Chrono Boost)  
  28  4:33  Gateway  
  28  4:43  Probe x2  
  30  4:50  Gateway  
  30  5:00  Gateway  
  30  5:05  Probe x2  
  32  5:10  Gateway  
  32  5:17  Warp Prism (Chrono Boost)  
  34  5:23  Probe x2  
  36  5:32  Zealot x2  
  40  5:35  Probe x2  
  40  5:41  Zealot  
  44  5:48  Probe, Pylon  
  45  5:51  Zealot  
  47  6:03  Zealot x3  
  47  6:04  Zealot  
  55  6:15  Pylon  
  55  6:25  Zealot x2  
  57  6:26  Zealot x3  
  57  6:27  Zealot  
  63  6:47  Warp Prism (Chrono Boost)  
  63  6:52  Zealot x2  
  63  6:53  Zealot x3  
  73  7:06  Zealot x2  
  73  7:36  Zealot  
  73  7:37  Zealot x5  
  85  7:45  Pylon  
  85  7:48  Pylon x2  
Show
View Real Time Build Order
Export as new Build Order

Darkfaire Zerg 

Build Orders: Pool First 

Get SALT Encoding   

  12  0:01  Drone  
  13  0:08  Drone  
  14  0:26  Spawning Pool  
  14  0:28  Extractor  
  12  0:31  Drone  
  13  0:40  Overlord  
  13  0:50  Drone  
  14  1:13  Zergling x6  
  17  1:29  Metabolic Boost  
  17  1:38  Hatchery  
  16  1:42  Drone  
  16  1:45  Drone  
  18  1:49  Drone  
  19  1:58  Overlord  
  19  2:21  Drone x2  
  21  2:30  Drone  
  21  2:47  Drone  
  21  2:48  Queen  
  24  2:52  Zergling x4  
  24  2:58  Queen  
  28  3:01  Overlord  
  28  3:20  Drone x3  
  28  3:25  Lair  
  29  3:28  Extractor  
  28  3:39  Hatchery  
  27  3:47  Drone x3, Extractor  
  27  3:48  Drone  
  30  3:49  Drone  
  30  3:52  Drone  
  32  4:00  Spore Crawler  
  31  4:04  Spore Crawler  
  30  4:29  Hydralisk Den, Drone x2  
  31  4:31  Drone  
  31  4:32  Drone x2  
  31  4:34  Drone  
  35  4:41  Drone  
  35  4:42  Drone  
  37  4:56  Drone x4  
  41  5:04  Queen  
  43  5:18  Muscular Augments  
  43  5:20  Hydralisk x2  
  47  5:22  Overseer  
  47  5:24  Pneumatized Carapace  
  47  5:29  Overlord  
  47  5:39  Evolution Chamber, Drone x2  
  47  5:40  Drone x2  
  50  5:54  Hydralisk x3  
  56  6:06  Drone x2  
  56  6:09  Overlord x2  
  58  6:30  Hydralisk  
  58  6:31  Hydralisk x4  
  67  6:33  Zergling x4  
  64  6:54  Zergling x20  
  40  7:02  Zergling x6  
  37  7:17  Drone x4  
Tags
 
Add a new tag
Caveats
  • Supply blocks, unpowered buildings, or Contaminate may cause inaccurate times.
  • Supply counts are checked every 10 seconds.